 Dungeon Crawl Stone Soup version 0.18-a0-816-g97f838e (webtiles) character file.

128 WhatsThis the Ducker (level 4, 0/42 HPs)
             Began as a Troll Warper on Dec 15, 2015.
             Slain by a hobgoblin (2 damage)
             ... on level 3 of the Dungeon.
             The game lasted 00:35:43 (2723 turns).

WhatsThis the Ducker (Troll Warper)                 Turns: 2723, Time: 00:35:43

Health: 0/42       AC:  5    Str: 19    XL:     4   Next: 86%
Magic:  2/5        EV: 10    Int:  9    God:
Gold:   67         SH:  0    Dex: 10    Spells: 3 memorised, 0 levels left

rFire  . . .     SeeInvis .     a - +0 spear
rCold  . . .     Clarity  .     q - +0 robe
rNeg   . . .     SustAt   .     (no shield)
rPois  .         Gourm    +     (helmet restricted)
rElec  .         Spirit   .     (no cloak)
rCorr  .         Dismiss  .     (gloves unavailable)
rMut   .         Stasis   .     (boots unavailable)
MR     .....                    (no amulet)
Stlth  +.........               (no ring)
                                (no ring)

@: very slightly contaminated, not resistant to hostile enchantments, very
unstealthy
A: unfitting armour, claws 3, fast metabolism 3, gourmand, regeneration 2,
shaggy fur 1, tough skin 2
a: no special abilities


You were on level 3 of the Dungeon.
You were not hungry.

You visited 1 branch of the dungeon, and saw 3 of its levels.

You collected 67 gold pieces.

Inventory:

Hand Weapons
 a - a +0 spear (weapon)
Missiles
 i - 35 bolts
 j - 47 stones (quivered)
 r - 22 arrows
Armour
 b - a +0 robe
 d - a +0 robe
 q - a +0 robe (worn)
Scrolls
 h - a scroll of recharging {unknown}
 k - a scroll of enchant weapon {unknown}
 o - a scroll of teleportation {unknown}
 s - a scroll of identify {unknown}
Potions
 g - a potion of might {unknown}
 n - a potion of heal wounds
Books
 c - a book of Spatial Translocations

   Spells                             Type                      Level
   a - Apportation                    Translocation                1
   b - Blink                          Translocation                2
   c - Shroud of Golubria             Charms/Translocation         2
   d - Portal Projectile              Translocation                3
   e - Teleport Other                 Translocation                3
   f - Passage of Golubria            Translocation                4
Comestibles
 f - 3 bread rations
 m - 3 fruits
 p - 2 beef jerkies


   Skills:
 + Level 1.8 Fighting
 + Level 1.9 Polearms
 + Level 1.0 Throwing
 + Level 3.5 Dodging
 + Level 1.4 Spellcasting
 + Level 0.2 Charms
 + Level 2.6 Translocations


You couldn't memorise any spells.
You knew the following spells:

 Your Spells              Type           Power        Failure   Level  Hunger
a - Apportation           Tloc           #.........   14%         1    ##.....
b - Shroud of Golubria    Chrm/Tloc      #.........   34%         2    ###....
c - Blink                 Tloc           N/A          21%         2    ###....


Dungeon Overview and Level Annotations

Branches:
Dungeon (3/15)

Altars:
Elyvilon
Sif Muna

Annotations:
D:3 ololoev's ghost, novice DsGl


Innate Abilities, Weirdness & Mutations

You are too large for most types of armour.
You have claws for hands.
Your metabolism is lightning-fast.
You like to eat raw meat.
You heal very quickly.
You are covered in fur (AC +1).
You have very tough skin (AC +2).


Message History

The gnoll barely misses you.
You hit the hobgoblin but do no damage.
The hobgoblin hits you but does no damage.
The gnoll barely misses you.
You barely miss the hobgoblin. The hobgoblin hits you.
The gnoll hits you but does no damage.
You barely miss the hobgoblin. The hobgoblin closely misses you.
The gnoll hits you from afar with a spear.
You barely miss the hobgoblin. The gnoll closely misses you.
The hobgoblin closely misses you. The gnoll hits you but does no damage.
You barely miss the hobgoblin. The gnoll misses you. The hobgoblin hits you.
The gnoll closely misses you.
You barely miss the hobgoblin. The hobgoblin hits you. The gnoll misses you.
The gnoll hits you from afar with a spear.
You completely miss the hobgoblin. The hobgoblin hits you.
The gnoll hits you from afar with a spear.
The gnoll hits you from afar with a halberd!
* * * LOW HITPOINT WARNING * * *
You barely miss the hobgoblin. The hobgoblin hits you.
You die...

≈##.#
.....
....#
...##
..## ≈#.#
#######..
≈#.##
#(......#
##..# #.#
#.# #.# #
#.# #@# #
#.# #g# #
#.#


ggg ###.## ..o.. '....# ....... ####.# ........# # #.## .......... #..#
.#####.#'##.## #..##.# You could see 2 gnolls, an orc, a hobgoblin and a goblin.

Vanquished Creatures
  A gnoll (D:3)
  3 adders (D:3)
  An ooze (D:3)
  3 giant geckos
  13 orcs
  6 bats (D:1)
  2 giant cockroaches
  6 goblins
  7 hobgoblins
  9 jackals
  5 kobolds
  3 quokkas
  5 giant newts
  4 rats
68 creatures vanquished.

Notes
Turn   | Place    | Note
--------------------------------------------------------------
     0 | D:1      | WhatsThis the Troll Warper began the quest for the Orb.
     0 | D:1      | Reached XP level 1. HP: 19/19 MP: 1/1
   328 | D:1      | Reached XP level 2. HP: 25/27 MP: 2/2
   771 | D:1      | Reached XP level 3. HP: 30/33 MP: 4/4
  1010 | D:2      | Learned a level 2 spell: Shroud of Golubria
  1715 | D:3      | Noticed ololoev's ghost (novice DsGl)
  1891 | D:3      | Reached skill level 3 in Dodging
  1954 | D:3      | Reached XP level 4. HP: 40/42 MP: 5/5
  2028 | D:3      | Learned a level 2 spell: Blink
  2161 | D:3      | Reached skill level 1 in Throwing
  2250 | D:3      | Found a deep blue altar of Sif Muna.
  2281 | D:3      | Found a white marble altar of Elyvilon.
  2722 | D:3      | HP: 2/42 [gnoll/halberd (13)]
  2723 | D:3      | Slain by a hobgoblin

Vault maps used:
D:1:      enne_arrival_octagon_isle
D:2:      grunt_ministairs_7
D:3:      lemuel_castle_with_subvaults, marbit_many_paths, nemelex_deck,
          elyvilon_altar_4, grunt_pakellas_salt, minmay_misc_feat_square

Action                   |  1- 3 |  4- 6 || total
-------------------------+-------+-------++-------
Melee: Spear             |   249 |   199 ||   448
Throw: Tomahawk          |     4 |     1 ||     5
       Stone             |       |     6 ||     6
 Cast: Shroud of Golubri |     1 |     5 ||     6
       Blink             |       |     1 ||     1
  Use: Scroll            |     5 |       ||     5
       Potion            |       |     1 ||     1
 Stab: Sleeping          |     1 |       ||     1
  Eat: Chunk             |    18 |    10 ||    28
